[Event "Early-Titled-Tuesday-Blitz-April-23-2024"]
[Site "Chess.com"]
[Date "2024.04.23"]
[Round "5"]
[White "Stanbad1"]
[Black "LLariMarc"]
[Result "1-0"]
[WhiteElo "2643"]
[BlackElo "2483"]
[TimeControl "180+1"]
[EndTime "8:56:35 PDT"]
[Termination "Stanbad1 won by checkmate"]

1. d4 Nf6 2. Nc3 d5 3. Bf4 Bf5 4. e3 e6 5. Nf3 Bd6 6. Ne5 a6 7. g4 Bg6 8. h4 h6 9. Nxg6 fxg6 10. Bd3 Kf7 11. Qf3 Bxf4 12. exf4 Nbd7 13. O-O-O c5 14. g5 Ne8 15. f5 gxf5 16. Nxd5 exd5 17. Qxd5+ Kf8 18.
Qxf5+ Nef6 19. gxf6 Nxf6 20. Qxc5+ Qe7 21. Qf5 Rd8 22.
Bc4 Qe4 23. Qc5+ Qe7 24. Qa5 b5 25. Rhe1 Qd7 26. Be6 Qd6 27. Bb3 g6 28. Re6 Qf4+ 29. Kb1 Rxd4 30. Rde1 h5 31. Qb6 Kg7 32. a3 Rhd8 33.
Ka2 Qxh4 34. Re7+ Kh6 35. R1e6 Nd5 36. Rxg6# 1-0

[Event "Early-Titled-Tuesday-Blitz-April-23-2024"]
[Site "Chess.com"]
[Date "2024.04.23"]
[Round "5"]
[White "Eagle_2019"]
[Black "nekotyanof"]
[Result "1-0"]
[WhiteElo "2858"]
[BlackElo "2662"]
[TimeControl "180+1"]
[EndTime "8:56:36 PDT"]
[Termination "Eagle_2019 won by resignation"]

1. d4 Nf6 2. c4 g6 3. g3 c6 4. Bg2 d5 5. Nf3 Bg7 6. O-O O-O 7. b3 dxc4 8. bxc4 c5 9. e3 Nc6 10. Bb2 Qb6 11. Qe2 Bg4 12. d5 Na5 13. Bc3 Ne4 14. Bxg7 Kxg7 15. h3 Qf6 16. hxg4 Qxa1 17.
Qc2 f5 18. gxf5 gxf5 19. Nh4 Qe5 20. f4 Qf6 21. Bxe4 fxe4 22. Qxe4 Rae8 23. Nd2 e6 24. Qd3 exd5 25. cxd5 c4 26. Qa3 c3 27. Qxa5 cxd2 28. Qxd2 Kh8 29. Rd1 Rg8 30. Kf2 Qg7 31. Qd4 Rc8 32.
Nf5 Rc2+ 33. Kf3 Qxd4 34. Rxd4 Rxa2 35. d6 Rd8 36. e4 Kg8 37. e5 Kf7 38. Rc4 b5 39.
Rc7+ Ke6 40. Ne3 Re8 41. f5+ Kxe5 42. Re7+ Kxd6 43. Rxe8 b4 44. f6 1-0

[Event "Early-Titled-Tuesday-Blitz-April-23-2024"]
[Site "Chess.com"]
[Date "2024.04.23"]
[Round "5"]
[White "ninguno46"]
[Black "soloderisas"]
[Result "0-1"]
[WhiteElo "2525"]
[BlackElo "2756"]
[TimeControl "180+1"]
[EndTime "8:56:37 PDT"]
[Termination "soloderisas won by resignation"]

1. e4 e6 2. d4 d5 3. Nc3 Bb4 4. e5 c5 5. Bd2 Ne7 6. Nb5 Bxd2+ 7.
Qxd2 O-O 8. f4 Nbc6 9. Nf3 Bd7 10. dxc5 b6 11. cxb6 Qxb6 12. Qf2 Qa5+ 13. Qd2 Qb6 14.
Qf2 Rab8 15. Qxb6 Rxb6 16. a4 a6 17. a5 Rxb5 18. Bxb5 axb5 19. c3 Ra8 20. b4 d4 21.
Kd2 dxc3+ 22. Kxc3 Nd5+ 23. Kb3 Ncxb4 24. Rhc1 Kf8 25.
g3 Ke7 26. Ng5 Nc6 27. Ne4 Rxa5 28. Rxa5 Nxa5+ 29. Kc2 Nc4 30. Kd3 Bc6 31. Kd4 h6 32. Nc5 Nb4 33. Kc3 Na2+ 0-1

[Event "Early-Titled-Tuesday-Blitz-April-23-2024"]
[Site "Chess.com"]
[Date "2024.04.23"]
[Round "5"]
[White "Golubovsky"]
[Black "Carow-Kann"]
[Result "0-1"]
[WhiteElo "2505"]
[BlackElo "2670"]
[TimeControl "180+1"]
[EndTime "8:56:37 PDT"]
[Termination "Carow-Kann won on time"]

1. c4 g6 2. Nc3 c5 3. g3 Bg7 4.
Bg2 Nc6 5. e3 Nh6 6. Nge2 Nf5 7.
a3 O-O 8. Rb1 a5 9. O-O d6 10.
d3 Bd7 11. e4 Nfd4 12. Be3 Rb8 13. Qd2 Nb3 14. Qd1 Ncd4 15. Nxd4 Nxd4 16. Qd2 b5 17. Nxb5 Bxb5 18. cxb5 Rxb5 19. f4 Qb6 20. f5 Rb8 21. Rf2 Nc6 22. g4 Rxb2 23. Rxb2 Qxb2 24. Qxb2 Bxb2 25. g5 Bxa3 26. f6 e6 27. Rc2 Ne5 28.
d4 Ng4 29. Bf4 cxd4 0-1

[Event "Early-Titled-Tuesday-Blitz-April-23-2024"]
[Site "Chess.com"]
[Date "2024.04.23"]
[Round "5"]
[White "Journey_to_GrandMaster_YT"]
[Black "ChessMA48"]
[Result "1-0"]
[WhiteElo "2545"]
[BlackElo "2307"]
[TimeControl "180+1"]
[EndTime "8:56:40 PDT"]
[Termination "Journey_to_GrandMaster_YT won on time"]

1. d4 d5 2. Nf3 Nf6 3. c4 dxc4 4. Nc3 e6 5. e4 a6 6. e5 Nd5 7. Bxc4 Bb4 8. Qb3 Bxc3+ 9. bxc3 Nc6 10. Ba3 b5 11. Bd3 Bb7 12. Bc5 Na5 13. Qc2 Nf4 14. Be4 Bxe4 15. Qxe4 Nd5 16. Qc2 Nc4 17. a4 c6 18. O-O h5 19. Nd2 Nxd2 20. Qxd2 h4 21. f4 g6 22. Qd3 h3 23. g4 Qh4 24. Qf3 Kd7 25. Kh1 f6 26. f5 gxf5 27. gxf5 Rag8 28.
fxe6+ Kc7 29. exf6 Rg2 30. f7 1-0

[Event "Early-Titled-Tuesday-Blitz-April-23-2024"]
[Site "Chess.com"]
[Date "2024.04.23"]
[Round "5"]
[White "Gryffindorac8"]
[Black "Let_it_be_1"]
[Result "1-0"]
[WhiteElo "2457"]
[BlackElo "2623"]
[TimeControl "180+1"]
[EndTime "8:56:41 PDT"]
[Termination "Gryffindorac8 won by resignation"]

1. d4 d5 2. c4 e6 3. Nf3 Nf6 4. g3 Be7 5. Bg2 O-O 6. O-O dxc4 7. Qc2 a6 8. a4 Bd7 9. Qxc4 Bc6 10. Bg5 Bd5 11.
Qc2 Be4 12. Qc1 Nc6 13. Nbd2 Nxd4 14. Nxd4 Bxg2 15. Nxe6 fxe6 16. Kxg2 c5 17. Nf3 Qd5 18. Rd1 Qe4 19. Qe3 Qxe3 20. Bxe3 Nd5 21. Bg5 Bf6 22.
Bxf6 gxf6 23. Rac1 Rac8 24. e4 Nb4 25. Rd7 Rf7 26. Rcd1 Rc7 27. Rd8+ Kg7 28. e5 b5 29.
axb5 axb5 30. R1d6 Rfe7 31. Rb8 Rb7 32. Rxb7 Rxb7 33.
Rxe6 fxe5 34. Nxe5 c4 35. f4 Rd7 36. Nxd7 1-0

[Event "Early-Titled-Tuesday-Blitz-April-23-2024"]
[Site "Chess.com"]
[Date "2024.04.23"]
[Round "5"]
[White "ubdip"]
[Black "2L8IWUN"]
[Result "1-0"]
[WhiteElo "2374"]
[BlackElo "2078"]
[TimeControl "180+1"]
[EndTime "8:56:45 PDT"]
[Termination "ubdip won on time"]

1. c4 Nf6 2. Nc3 e6 3. e4 d5 4. e5 d4 5. exf6 dxc3 6. bxc3 Qxf6 7. d4 e5 8. Nf3 Nc6 9. Be2 exd4 10. cxd4 Bb4+ 11.
Bd2 Bxd2+ 12. Qxd2 O-O 13. O-O Bg4 14. Rad1 Rad8 15.
d5 b6 16. Rfe1 Na5 17. Nd4 Bxe2 18. Qxe2 g6 19. Nb3 Nxb3 20. axb3 Rfe8 21. Qc2 a5 22. h3 Qd6 23. Re4 f5 24. Re2 Qa3 25.
Rde1 Rxe2 26. Qxe2 Qd6 27. Qe7 1-0

[Event "Early-Titled-Tuesday-Blitz-April-23-2024"]
[Site "Chess.com"]
[Date "2024.04.23"]
[Round "5"]
[White "Roosters19"]
[Black "DeArron_Fox"]
[Result "1-0"]
[WhiteElo "2341"]
[BlackElo "2512"]
[TimeControl "180+1"]
[EndTime "8:56:48 PDT"]
[Termination "Roosters19 won on time"]

1. d4 d5 2. Nf3 Nf6 3. c4 e6 4. Nc3 Be7 5. Bg5 h6 6. Bxf6 Bxf6 7. cxd5 exd5 8. e3 c6 9. b4 Nd7 10. Bd3 O-O 11. O-O Nb6 12. a4 Bg4 13. a5 Nc8 14. h3 Be6 15. Qe2 Nd6 16. Rfb1 b6 17.
Rc1 Rc8 18. Na4 bxa5 19. bxa5 Qxa5 20. Nc5 Qc7 21. Ra6 Bf5 22. Rca1 Bxd3 23. Nxd3 Nb5 24. Rc1 Qb7 25. Qa2 Rc7 26. Nfe5 Bxe5 27. Nxe5 Rfc8 28. Nd3 1-0

[Event "Early-Titled-Tuesday-Blitz-April-23-2024"]
[Site "Chess.com"]
[Date "2024.04.23"]
[Round "5"]
[White "LuisFSiles"]
[Black "djano"]
[Result "0-1"]
[WhiteElo "2456"]
[BlackElo "2617"]
[TimeControl "180+1"]
[EndTime "8:56:49 PDT"]
[Termination "djano won on time"]

1. e4 c5 2. Nf3 g6 3. d4 cxd4 4. Qxd4 Nf6 5. Nc3 Nc6 6. Qa4 d6 7. e5 dxe5 8. Nxe5 Bd7 9. Nxd7 Nxd7 10. Bb5 Bg7 11. O-O O-O 12. Bxc6 bxc6 13. Qxc6 Rc8 14. Qa6 Qb6 15. Qxb6 Nxb6 16. Be3 Nc4 17. Nd5 Nxe3 18. Nxe3 Bxb2 19. Rab1 Bd4 20. Rb7 e6 21. Rd1 Rfd8 22.
Rd3 e5 23. h4 h5 24. g4 hxg4 25. Nxg4 Rxc2 26. Rf3 Rf8 27. Rfxf7 Rxf7 28. Nh6+ Kh8 29. Nxf7+ Kg8 30. Nh6+ Kf8 31. Ng4 Rxa2 32. Rd7 Rd2 33. Kg2 a5 34. Nf6 Rxf2+ 35. Kg3 Rxf6 0-1

[Event "Early-Titled-Tuesday-Blitz-April-23-2024"]
[Site "Chess.com"]
[Date "2024.04.23"]
[Round "5"]
[White "Bykov_Egor"]
[Black "maciek_92"]
[Result "0-1"]
[WhiteElo "2613"]
[BlackElo "2839"]
[TimeControl "180+1"]
[EndTime "8:56:50 PDT"]
[Termination "maciek_92 won by resignation"]

1. Nf3 d5 2. g3 c6 3. Bg2 Bg4 4.
O-O Nd7 5. d4 Ngf6 6. h3 Bxf3 7.
Bxf3 e5 8. dxe5 Nxe5 9. Bg2 Bd6 10. b3 Qc7 11. Bb2 O-O-O 12. Nd2 h5 13. Nf3 Rde8 14. Nxe5 Bxe5 15. Bxe5 Qxe5 16. e3 h4 17. g4 Rd8 18.
Qd4 Qxd4 19. exd4 Rhe8 20. Rfe1 Kd7 21. f4 Kd6 22. Kf2 Nh7 23. Re5 f6 24. Rh5 Nf8 25. f5 Re7 26. Rxh4 Rde8 27. Bf3 Re3 28. Rd1 Rc3 29.
Rd2 Re7 30. Rh8 Nd7 31. h4 a5 32. Rg8 a4 33. bxa4 Nb6 34. Re2 Rf7 35. Rge8 Nc4 36.
R2e6+ Kd7 37. Re2 Rxc2 38. Rxc2 Kxe8 39. g5 Kf8 40. Bh5 Re7 41. Re2 Nd6 42. Rxe7 Kxe7 43.
Bg6 Ne4+ 44. Kf3 fxg5 45. f6+ Kxf6 46. h5 Nc3 47. Kg4 Nxa4 48. Bf5 Nc3 49. Bc8 b6 50. Bb7 c5 51. dxc5 bxc5 52. a4 Nxa4 53. Bxd5 Nc3 54.
Bc4 Ne4 55. Bd3 Nf2+ 56. Kf3 Nxd3 0-1

[Event "Early-Titled-Tuesday-Blitz-April-23-2024"]
[Site "Chess.com"]
[Date "2024.04.23"]
[Round "5"]
[White "karinachess1"]
[Black "Flaccidmoves"]
[Result "1-0"]
[WhiteElo "2611"]
[BlackElo "2450"]
[TimeControl "180+1"]
[EndTime "8:56:50 PDT"]
[Termination "karinachess1 won on time"]

1. d4 Nf6 2. c4 g6 3. Nc3 d5 4. h4 dxc4 5. e4 e5 6. d5 Bc5 7. Bxc4 Ng4 8. Nh3 Qxh4 9. O-O O-O 10. Qf3 Nd7 11. Bg5 Qh5 12. Be2 Nb6 13. Nb5 f5 14.
Nxc7 fxe4 15. Qg3 h6 16. Be3 Bd6 17. Ne6 Bxe6 18. dxe6 Qf5 19. Bxg4 Qf6 20. Bxh6 Rfe8 21. Bg5 Qg7 22. Qh4 Nd5 23. Rad1 1-0

[Event "Early-Titled-Tuesday-Blitz-April-23-2024"]
[Site "Chess.com"]
[Date "2024.04.23"]
[Round "5"]
[White "GambitGiesbergen"]
[Black "lupta_robin"]
[Result "0-1"]
[WhiteElo "2324"]
[BlackElo "2576"]
[TimeControl "180+1"]
[EndTime "8:56:50 PDT"]
[Termination "lupta_robin won by resignation"]

1. d4 Nf6 2. Nc3 d5 3. e4 dxe4 4. Bg5 Nbd7 5. Qe2 h6 6. Bh4 e6 7. f3 c5 8. O-O-O cxd4 9. Rxd4 Bc5 10. Rd1 Qb6 11. Na4 Qa5 12. Nxc5 Nxc5 13. Bxf6 gxf6 14. Kb1 Bd7 15. fxe4 O-O-O 16. Nf3 Bb5 17. c4 Bc6 18. Nd2 Nxe4 19. Nxe4 Bxe4+ 20. Ka1 Rxd1+ 21. Qxd1 Rd8 22. Qc1 Rd2 23. c5 Rc2 24. Qd1 Qb4 25. Qxc2 Qe1+ 0-1

[Event "Early-Titled-Tuesday-Blitz-April-23-2024"]
[Site "Chess.com"]
[Date "2024.04.23"]
[Round "5"]
[White "temiksmozg"]
[Black "AccioChess"]
[Result "1-0"]
[WhiteElo "2663"]
[BlackElo "2447"]
[TimeControl "180+1"]
[EndTime "8:56:51 PDT"]
[Termination "temiksmozg won by resignation"]

1. e4 e6 2. d4 d5 3. Nc3 Nf6 4. e5 Nfd7 5. f4 c5 6. Nf3 Nc6 7. Be3 Be7 8. Qd2 O-O 9. Ne2 cxd4 10. Nexd4 Nc5 11. Bd3 Ne4 12. Bxe4 dxe4 13. Nxc6 bxc6 14. Qxd8 Bxd8 15. Nd2 f5 16. exf6 Bxf6 17. O-O-O e5 18. fxe5 Bxe5 19. Nxe4 Be6 20. Nc5 Bd5 21. Nd7 Rfe8 22.
Nxe5 Rxe5 23. Bd4 Re2 24. Rd2 Rae8 25. Rg1 a5 26. b3 a4 27. c4 Bf7 28. Kd1 Bh5 29. g4 Rxd2+ 30. Kxd2 Bf7 31. Rg2 axb3 32. axb3 Be6 33. Kc3 Kf7 34. b4 Ra8 35. b5 cxb5 36. cxb5 Ra3+ 37. Kb4 Rd3 38. Kc5 Rb3 39. b6 g5 40. h3 Ke7 41. Kc6 Bd7+ 42. Kc7 Be6 43. Bc5+ Kf6 44. Rf2+ Ke5 45. b7 1-0

[Event "Early-Titled-Tuesday-Blitz-April-23-2024"]
[Site "Chess.com"]
[Date "2024.04.23"]
[Round "5"]
[White "Agibileg"]
[Black "HajiyevKanan"]
[Result "1-0"]
[WhiteElo "2819"]
[BlackElo "2620"]
[TimeControl "180+1"]
[EndTime "8:56:52 PDT"]
[Termination "Agibileg won by resignation"]

1. d4 d5 2. c4 c6 3. Nf3 Nf6 4. Nc3 a6 5. g3 g6 6. Bg2 Bg7 7. O-O O-O 8. a4 Bf5 9. a5 Ne4 10. Qb3 Ra7 11. cxd5 Nxc3 12. bxc3 cxd5 13. Nd2 e6 14.
Ba3 Re8 15. Bc5 Ra8 16. Qxb7 Nd7 17. Bb4 Qc8 18. Qxc8 Raxc8 19. e4 dxe4 20. Nxe4 Bxe4 21. Bxe4 Bf8 22. Bb7 Rc7 23. Bxa6 Ra8 24. Be2 Nf6 25. Bf3 Raa7 26. a6 Nd7 27. Rfb1 h5 28. Bxf8 Kxf8 29.
Rb7 Rcxb7 30. Bxb7 Nb8 31. c4 Ke7 32. h4 Kd7 33.
Kg2 Kc7 34. Kf3 Nd7 35. Kf4 f6 36. Re1 e5+ 37. dxe5 Nxe5 38. Rxe5 fxe5+ 39. Kxe5 1-0

[Event "Early-Titled-Tuesday-Blitz-April-23-2024"]
[Site "Chess.com"]
[Date "2024.04.23"]
[Round "5"]
[White "EliteChess0967"]
[Black "SpongeBob_03"]
[Result "1-0"]
[WhiteElo "2430"]
[BlackElo "2256"]
[TimeControl "180+1"]
[EndTime "8:56:52 PDT"]
[Termination "EliteChess0967 won by resignation"]

1. d4 Nf6 2. c4 e6 3. Nf3 Bb4+ 4. Bd2 Qe7 5. g3 O-O 6. Bg2 b6 7. a3 Bxd2+ 8. Nbxd2 Bb7 9. Qc2 d5 10. O-O dxc4 11.
Nxc4 c5 12. dxc5 Qxc5 13. b4 Qc7 14. Rac1 Qe7 15. Nfe5 Bxg2 16. Kxg2 Qb7+ 17. Kg1 Nbd7 18. b5 Rac8 19. Nc6 Rxc6 20. bxc6 Qxc6 21. Qb2 Nc5 22. Rfd1 Qe4 23. Qe5 Qb7 24. Qb2 Qe4 25. Rd4 Qb7 26. Rcd1 Qa6 27. Ne5 Nd5 28. Nd3 Nxd3 29.
R4xd3 Qb7 30. Rd4 Qc7 31. Rg4 g6 32. Rc1 f5 33. Rxc7 1-0

[Event "Early-Titled-Tuesday-Blitz-April-23-2024"]
[Site "Chess.com"]
[Date "2024.04.23"]
[Round "5"]
[White "ProtectiveCarrot"]
[Black "Likvidator228"]
[Result "1-0"]
[WhiteElo "2337"]
[BlackElo "2497"]
[TimeControl "180+1"]
[EndTime "8:56:53 PDT"]
[Termination "ProtectiveCarrot won by resignation"]

1. e4 c5 2. Nf3 g6 3. c3 Bg7 4. d4 cxd4 5. cxd4 d5 6. e5 a6 7. h3 Nc6 8. Bd3 f6 9. exf6 Nxf6 10.
O-O O-O 11. Nc3 Qd6 12. Re1 Bf5 13. Bg5 Bxd3 14. Qxd3 e6 15. a3 Rae8 16. Ne5 Nd7 17. Nf3 b5 18. Rad1 Nb6 19. Bh4 Nc4 20. Bg3 Qd8 21.
Qe2 Rxf3 22. Qxf3 Nxd4 23. Qf4 e5 24. Qc1 a5 25. Ne2 Nxe2+ 26. Rxe2 a4 27. h4 e4 28. Qc2 Nxb2 29. Rb1 Nc4 30. Qc1 Qd7 31. h5 d4 32.
Qf4 d3 33. Rxe4 Rxe4 34. Qxe4 Nxa3 35. Rd1 Qd4 36. Qe6+ Kf8 37. Bd6+ 1-0

[Event "Early-Titled-Tuesday-Blitz-April-23-2024"]
[Site "Chess.com"]
[Date "2024.04.23"]
[Round "5"]
[White "EddieMarsalla"]
[Black "FairChess_on_YouTube"]
[Result "0-1"]
[WhiteElo "2643"]
[BlackElo "3090"]
[TimeControl "180+1"]
[EndTime "8:56:54 PDT"]
[Termination "FairChess_on_YouTube won by resignation"]

1. d4 d5 2. Bf4 Nf6 3. c3 Bf5 4. e3 e6 5. Bd3 Bd6 6. Ne2 O-O 7. Qc2 Bxd3 8. Qxd3 Nc6 9. O-O e5 10. dxe5 Nxe5 11.
Qc2 Re8 12. Nd2 c6 13. Rad1 Qc7 14. Rfe1 h6 15. h3 Rad8 16. a3 Nh5 17. Bh2 Nf6 18.
Bf4 Ng6 19. Bxd6 Rxd6 20. Ng3 Rde6 21. Qa4 a6 22. Nf3 Ne4 23. Nd4 Rf6 24. Nxe4 Rxe4 25.
Qc2 Nh4 26. Ne2 Rg6 27. Ng3 Rxg3 28. fxg3 Qxg3 29. Qf2 Qxf2+ 30. Kxf2 Nf5 31. g4 Nd6 32. Rd4 Re6 33. Rb4 b5 34. Rf4 g5 35. Rf3 Nc4 36. Re2 a5 37. h4 Kg7 38. hxg5 hxg5 39. Rf5 f6 40. Rf3 Re4 41. Rg3 Ne5 42. Re1 Nd3+ 43. Ke2 Nxe1 44. Kxe1 a4 45. Kf2 Kf7 46. Kf3 Re8 47.
Rh3 Kg7 48. Rh1 Rh8 49. Rxh8 Kxh8 50. e4 dxe4+ 51. Kxe4 Kg7 52. Kd4 Kg6 53. Kc5 f5 54.
gxf5+ Kf6 55. Kxc6 g4 56. Kxb5 g3 0-1

[Event "Early-Titled-Tuesday-Blitz-April-23-2024"]
[Site "Chess.com"]
[Date "2024.04.23"]
[Round "5"]
[White "MIss_MIaMI"]
[Black "dianamirza"]
[Result "0-1"]
[WhiteElo "2337"]
[BlackElo "1995"]
[TimeControl "180+1"]
[EndTime "8:56:55 PDT"]
[Termination "dianamirza won by checkmate"]

1. e4 c5 2. Nf3 Nc6 3. d4 cxd4 4. c3 dxc3 5. Nxc3 e6 6. Bc4 a6 7. Bf4 b5 8. Bb3 Bb7 9. O-O Nf6 10. Qe2 Bc5 11.
Rac1 Be7 12. e5 Nh5 13. Bd2 O-O 14. g4 b4 15. Ne4 Nxe5 16. Nxe5 f5 17. Nc5 Bxc5 18.
Rxc5 fxg4 19. Qxg4 Nf6 20. Qh4 Ne4 21. Rc2 Qxh4 22.
Bxb4 Qg5+ 23. Kh1 Nxf2# 0-1

[Event "Early-Titled-Tuesday-Blitz-April-23-2024"]
[Site "Chess.com"]
[Date "2024.04.23"]
[Round "5"]
[White "Ramu_K_FM_FT"]
[Black "laiciffOneslraCsungaM"]
[Result "0-1"]
[WhiteElo "2098"]
[BlackElo "2311"]
[TimeControl "180+1"]
[EndTime "8:56:58 PDT"]
[Termination "laiciffOneslraCsungaM won by resignation"]

1. e4 e6 2. d4 d5 3. Nc3 Bb4 4. e5 c5 5. a3 Bxc3+ 6. bxc3 Qc7 7. Qg4 Ne7 8. Ne2 Nf5 9. Qh3 Nc6 10. g4 Nfe7 11. Qd3 h5 12. f3 Bd7 13. Bg2 a6 14.
Bg5 Ng6 15. h3 Rc8 16. f4 cxd4 17. cxd4 Na5 18. f5 Nf8 19. c3 Bb5 20. Qd2 Nb3 21.
Qb2 Nxa1 22. Qxa1 Bxe2 23. Kxe2 Qxc3 24. Qxc3 Rxc3 25. Ra1 hxg4 26. hxg4 Rc2+ 27. Kf1 Rh2 0-1

[Event "Early-Titled-Tuesday-Blitz-April-23-2024"]
[Site "Chess.com"]
[Date "2024.04.23"]
[Round "5"]
[White "jraosam"]
[Black "carloseduar100"]
[Result "1-0"]
[WhiteElo "1985"]
[BlackElo "2223"]
[TimeControl "180+1"]
[EndTime "8:56:58 PDT"]
[Termination "jraosam won by resignation"]

1. e4 e6 2. d4 d5 3. exd5 exd5 4. Bd3 Bd6 5. Ne2 Ne7 6. O-O O-O 7. Bf4 c5 8. c3 Nbc6 9. Bxd6 Qxd6 10. dxc5 Qxc5 11. Nd2 Bg4 12. Nb3 Qd6 13. f3 Bh5 14.
Qd2 Bg6 15. Rfe1 Rfe8 16. Ned4 Ne5 17. Bxg6 N7xg6 18. Rad1 a6 19. Nf5 Qf6 20. Ng3 Nc4 21. Qxd5 Nxb2 22. Ne4 Qb6+ 23. Qd4 Qxd4+ 24. Rxd4 b5 25. Na5 Rac8 26. Re2 Na4 27. Rc2 f5 28. Nd6 Ne5 29. Nxe8 Rxe8 30. Kf2 g6 31. c4 bxc4 32. Nxc4 Nf7 33. Nd6 Nxd6 34. Rxd6 Ra8 35. Rcc6 a5 36. Rd4 Nb2 37. Rb6 1-0

[Event "Early-Titled-Tuesday-Blitz-April-23-2024"]
[Site "Chess.com"]
[Date "2024.04.23"]
[Round "5"]
[White "jbking07"]
[Black "kids2010"]
[Result "0-1"]
[WhiteElo "2481"]
[BlackElo "2782"]
[TimeControl "180+1"]
[EndTime "8:56:59 PDT"]
[Termination "kids2010 won on time"]

1. e4 c5 2. Nf3 e6 3. d4 cxd4 4. Nxd4 Nc6 5. Nc3 Qc7 6. Be3 a6 7.
a3 Nf6 8. f4 b5 9. e5 Ng8 10. Be2 Bb7 11. Bf3 Nxd4 12. Bxd4 Ne7 13. O-O Nf5 14. Bxb7 Qxb7 15. Bf2 h5 16. Qd3 d5 17.
exd6 Bxd6 18. Bd4 O-O-O 19. Ne4 h4 20. a4 Bc7 21. c3 h3 22. g4 Nxd4 23. cxd4 f5 24.
axb5 fxe4 25. Qc2 Qxb5 26. Rfc1 Rd7 27. Ra3 Kd8 28. Rb3 Qd5 29. Rc3 Qxd4+ 30. Kh1 Bxf4 31. Rc8+ Ke7 0-1

[Event "Early-Titled-Tuesday-Blitz-April-23-2024"]
[Site "Chess.com"]
[Date "2024.04.23"]
[Round "5"]
[White "RantomOpening"]
[Black "rhwr"]
[Result "1-0"]
[WhiteElo "2507"]
[BlackElo "2310"]
[TimeControl "180+1"]
[EndTime "8:56:59 PDT"]
[Termination "RantomOpening won on time"]

1. c4 Nf6 2. Nf3 g6 3. Nc3 Bg7 4. e4 d6 5. d4 O-O 6. Be2 e5 7.
Be3 Nbd7 8. O-O c6 9. h3 exd4 10. Nxd4 Nc5 11. Qc2 Qe7 12. Bf3 Nfd7 13. b4 Ne6 14.
Nxe6 fxe6 15. Be2 Nf6 16. Rad1 e5 17. c5 dxc5 18. Bxc5 Qf7 19. Bxf8 Bxf8 20. Rd8 Kg7 21. b5 Be7 22. Rdd1 Be6 23. bxc6 bxc6 24. a4 Bb3 25. Qd3 Bxd1 26. Rxd1 Rd8 27. Qa6 Rxd1+ 28. Nxd1 Nxe4 29. Qxc6 Nf6 30. Bc4 Qe8 31. Qe6 Bb4 32. Qa6 Qd7 33.
Ne3 Bc5 34. Bb5 Qc7 35. Qxf6+ Kxf6 36. Nd5+ Ke6 37. Nxc7+ Kd6 38. Ne8+ Ke7 39. Kf1 a6 40. Bc6 1-0

[Event "Early-Titled-Tuesday-Blitz-April-23-2024"]
[Site "Chess.com"]
[Date "2024.04.23"]
[Round "5"]
[White "Crazy_girl99"]
[Black "thesupera12"]
[Result "1-0"]
[WhiteElo "2615"]
[BlackElo "2440"]
[TimeControl "180+1"]
[EndTime "8:57:00 PDT"]
[Termination "Crazy_girl99 won by resignation"]

1. Nf3 d5 2. g3 Bg4 3. Bg2 Bxf3 4. Bxf3 Nf6 5. d4 e6 6. O-O c5 7. c4 cxd4 8. cxd5 Nxd5 9. Qxd4 Nc6 10. Qa4 Nb6 11. Bxc6+ bxc6 12. Qxc6+ Qd7 13. Qxd7+ Nxd7 14. Nc3 O-O-O 15. Be3 Kb7 16. Rfd1 Be7 17. Nb5 Nb6 18. Rac1 Nd5 19. Bxa7 Rc8 20. Bd4 f6 21. a3 h5 22.
e4 Nb6 23. b3 Rhd8 24. a4 e5 25. Be3 Bb4 26. h4 g6 27. Kf1 f5 28. exf5 gxf5 29.
Bg5 Rxd1+ 30. Rxd1 Rc2 31. Be3 Rb2 32. Rc1 Nd5 33.
Bc5 Rxb3 34. Nd6+ Ka6 35. Nxf5 Rf3 36. Ng7 Bd2 37. Rd1 Ne3+ 38. Bxe3 Bxe3 39. Ke2 Rxf2+ 40.
Kxe3 Rg2 41. Nxh5 Ka5 42. Rd5+ Kxa4 43. Rxe5 Kb4 44. Rd5 Kc4 45. Rd2 Rg1 46. Kf4 Kc3 47. Rd7 Rf1+ 48. Kg5 Kc4 49. Nf4 Kc5 50. g4 Kc6 51.
Rd2 Rf3 52. h5 Kc7 53. h6 Rf2 54. Rxf2 1-0

[Event "Early-Titled-Tuesday-Blitz-April-23-2024"]
[Site "Chess.com"]
[Date "2024.04.23"]
[Round "5"]
[White "Raskolnikov6"]
[Black "CMButgood"]
[Result "1-0"]
[WhiteElo "2393"]
[BlackElo "2162"]
[TimeControl "180+1"]
[EndTime "8:57:00 PDT"]
[Termination "Raskolnikov6 won by checkmate"]

1. d4 Nf6 2. c4 g6 3. Nc3 d5 4. e4 dxe4 5. f3 exf3 6. Nxf3 Bg7 7. Be2 O-O 8. O-O c5 9. d5 e6 10. Kh1 exd5 11. cxd5 Re8 12. Bg5 h6 13. Bh4 g5 14.
Bf2 Nbd7 15. Bg1 b6 16. Bd3 Bb7 17. Bc2 Ba6 18. Re1 Rxe1 19. Qxe1 Qe8 20. Qd2 b5 21. Re1 Qf8 22. d6 b4 23. Nd5 Nxd5 24. Qxd5 Re8 25. Qf5 Nf6 26. Rxe8 Qxe8 27. Bxc5 Qb5 28. h3 Qc4 29. d7 Nxd7 30. Qh7# 1-0

[Event "Early-Titled-Tuesday-Blitz-April-23-2024"]
[Site "Chess.com"]
[Date "2024.04.23"]
[Round "5"]
[White "CristianS27"]
[Black "Fy_Rakotomaharo"]
[Result "0-1"]
[WhiteElo "2550"]
[BlackElo "2714"]
[TimeControl "180+1"]
[EndTime "8:57:02 PDT"]
[Termination "Fy_Rakotomaharo won on time"]

1. e4 e5 2. Nf3 Nf6 3. Nxe5 d6 4.
Nf3 Nxe4 5. d4 d5 6. Bd3 Nc6 7.
O-O Be7 8. Re1 Bg4 9. c4 Nf6 10. cxd5 Bxf3 11. Qxf3 Qxd5 12. Qg3 O-O-O 13. Nc3 Qxd4 14.
Bf5+ Kb8 15. Be3 Qb4 16. a3 Qa5 17. Bc2 Bd6 18. Qf3 Ne5 19. Qe2 Neg4 20. b4 Bxh2+ 21. Kf1 Qh5 22. Qb5 Be5 23. Qa4 Nxe3+ 24. Rxe3 Bxc3 25. Rh3 Qe5 26. Rb1 Rd2 27. Re3 Qh5 28. Kg1 Ng4 29. Rh3 Qe5 0-1

[Event "Early-Titled-Tuesday-Blitz-April-23-2024"]
[Site "Chess.com"]
[Date "2024.04.23"]
[Round "5"]
[White "shimastream"]
[Black "Aygehovit1992"]
[Result "1-0"]
[WhiteElo "3046"]
[BlackElo "2743"]
[TimeControl "180+1"]
[EndTime "8:57:03 PDT"]
[Termination "shimastream won on time"]

1. d4 Nf6 2. Nc3 d5 3. Bf4 g6 4. e3 Bg7 5. h4 h5 6. Qd2 O-O 7. Nf3 c5 8. dxc5 Nc6 9. Bb5 Ne4 10. Nxe4 dxe4 11. Qxd8 Rxd8 12. Ng5 Bxb2 13. Rb1 Bc3+ 14. Kf1 Bf5 15. Bc4 e6 16. Kg1 Na5 17. Bb5 Rac8 18.
Bd6 b6 19. Kh2 bxc5 20. Bg3 Rd2 21. Rhd1 Rxd1 22. Rxd1 Nc6 23. Rd7 Ne5 24. Rxa7 Ng4+ 25. Kg1 Rd8 26. Rd7 Rxd7 27. Bxd7 Nf6 28. Bc6 Nd5 29.
Be8 f6 30. Bf7+ Kg7 31. Bxe6 fxg5 32. Bxd5 gxh4 33. Bxh4 Bd7 34. Be7 1-0

[Event "Early-Titled-Tuesday-Blitz-April-23-2024"]
[Site "Chess.com"]
[Date "2024.04.23"]
[Round "5"]
[White "RianKapriaga"]
[Black "Mihaiionescu1"]
[Result "1-0"]
[WhiteElo "2306"]
[BlackElo "2441"]
[TimeControl "180+1"]
[EndTime "8:57:04 PDT"]
[Termination "RianKapriaga won by resignation"]

1. d4 Nf6 2. Nf3 b6 3. e3 Bb7 4. Bd3 g6 5. O-O Bg7 6. c4 O-O 7. Nc3 d6 8. e4 Nbd7 9. a3 e5 10. d5 a5 11. Rb1 Nc5 12. b4 axb4 13.
axb4 Nxd3 14. Qxd3 Bc8 15. h3 Nh5 16. Bd2 f5 17. Ng5 fxe4 18. Ncxe4 Nf4 19. Bxf4 Rxf4 20.
Ne6 Bxe6 21. dxe6 Qe7 22. c5 dxc5 23. bxc5 Qxe6 24. Ng5 Qc4 25. Qd7 h6 26. Ne6 Rf7 27.
Qc6 Rc8 28. Rbc1 Qe2 29. cxb6 Qa6 30. b7 Rb8 31. Qxa6 1-0

[Event "Early-Titled-Tuesday-Blitz-April-23-2024"]
[Site "Chess.com"]
[Date "2024.04.23"]
[Round "5"]
[White "CarlosjPineror"]
[Black "viktorgen2021"]
[Result "1/2-1/2"]
[WhiteElo "2768"]
[BlackElo "2478"]
[TimeControl "180+1"]
[EndTime "8:57:06 PDT"]
[Termination "Game drawn by agreement"]

1. e4 g6 2. d4 Bg7 3. Nc3 d6 4. Be3 c6 5. f3 Nd7 6. Qd2 b5 7. h4 h5 8. Nh3 Nb6 9. Ng5 Nc4 10.
Bxc4 bxc4 11. O-O Nh6 12. Qe2 d5 13. b3 O-O 14. bxc4 Ba6 15. Rfb1 Bxc4 16. Qf2 dxe4 17. Ncxe4 Nf5 18. c3 Nxe3 19. Qxe3 Rb8 20. Nd2 Bd5 21. Nge4 Qa5 22. Nb3 Qc7 23. Nec5 Rb6 24. Qe2 a5 25.
Re1 Bxb3 26. axb3 e5 27. dxe5 Rb5 28. b4 Re8 29. e6 f5 30. e7 Kh7 31. Qe6 axb4 32.
Qf7 Rbb8 33. Ne6 Qb6+ 34. Kh1 Rg8 35. Ng5+ Kh6 36. Qxg6+ Kxg6 1/2-1/2